 Dungeon Crawl Stone Soup version 0.26-a0-818-g75db068ed4 (webtiles) character file.

Game seed: 14930088494384887798

143 selver the Stinger (level 5, -3/31 HPs)
             Began as an Octopode Venom Mage on Nov 14, 2020.
             Slain by a wight
             ... wielding a cursed +0 flail
              (11 damage)
             ... on level 2 of the Dungeon.
             The game lasted 00:06:07 (2665 turns).

selver the Stinger (Octopode Venom Mage)            Turns: 2665, Time: 00:06:07

Health: -3/31      AC:  1    Str:  8    XL:     5   Next: 25%
Magic:  9/9        EV: 13    Int: 17    God:
Gold:   105        SH:  0    Dex: 13    Spells: 6/9 levels left

rFire    . . .     SeeInvis .   g - +1 dagger (flame)
rCold    . . .     Faith    .   (no shield)
rNeg     . . .     Spirit   .   (helmet restricted)
rPois    .         Reflect  .   (no amulet)
rElec    .         Harm     .   (no ring)
rCorr    .         Rampage  .   (no ring)
MR       .....                  (no ring)
Stlth    +++.......             (no ring)
HPRegen  0.10/turn              (no ring)
MPRegen  0.11/turn              (no ring)
                                (no ring)
                                (no ring)

@: brilliant, drained
A: almost no armour, stealthy swim, amphibious, 8 rings, constrict 8, camouflage
1, gelatinous body 1
a: no special abilities


You were on level 2 of the Dungeon.
You visited 1 branch of the dungeon, and saw 3 of its levels.

You collected 105 gold pieces.

Inventory:

Hand Weapons
 g - a +1 dagger of flaming (weapon)
Scrolls
 c - a scroll of blinking {unknown}
 e - 2 scrolls of enchant weapon {unknown}
 h - 2 scrolls of fear {unknown}
 j - a scroll of enchant armour {unknown}
 k - a scroll of teleportation {unknown}
 l - a scroll of identify {unknown}
Potions
 a - a potion of magic
 b - a potion of haste


   Skills:
 - Level 2.0(1.3) Dodging
 - Level 2.6(2.0) Stealth
 + Level 2.9(2.2) Spellcasting
 + Level 2.0(1.3) Transmutations
 + Level 1.4(0.7) Air Magic
 * Level 5.5(4.7) Poison Magic


You had 6 spell levels left.
You knew the following spells:

 Your Spells              Type           Power        Failure   Level
a - Sting                 Tmut/Pois      ###.         5%          1
b - Poisonous Vapours     Pois/Air       ###...       9%          2

Your spell library contained the following spells:

 Spells                   Type           Power        Failure   Level
 Ignite Poison            Fire/Tmut/Pois ##......     24%         3
 Mephitic Cloud           Conj/Pois/Air  ##......     26%         3
 Olgreb's Toxic Radiance  Pois           ####....     26%         4


Dungeon Overview and Level Annotations

Branches:
Dungeon (3/15)

Altars:

Annotations:
D:3 Sigmund


Innate Abilities, Weirdness & Mutations

You cannot wear most types of armour.
You are very stealthy in the water. (Stealth+)
You are amphibious.
You can wear up to eight rings at the same time.
You can use your tentacles to constrict eight enemies at once.
Your skin changes colour to match your surroundings (Stealth+).
Your rubbery body absorbs attacks. (AC +1, EV +1)


Message History

You destroy the wight!
Your base Transmutations skill increases to level 2!
You have reached level 5!
You feel agile.
You hit the wight but do no damage. Your grab misses the wight.
The wight misses you.
You hit the wight but do no damage. You grab the wight. You squeeze the wight.
The wight is moderately damaged.
You constrict the wight, but do no damage.
The wight hits you with a cursed +0 flail!
Ouch! That really hurt!
* * * LOW HITPOINT WARNING * * *
You are too injured to fight recklessly!
It was a potion of curing.
You feel better.
You constrict the wight. The wight hits you but does no damage.
It was a potion of brilliance.
You feel clever all of a sudden.
You constrict the wight, but do no damage.
The wight hits you with a cursed +0 flail!
You die...

.>.............#.....# #
#####.#........#.....# #
#.#.######.#...z.# #
#####..........#.....# #
......#.######.#..z..# #
.................>...# #
####....#...##.#.....# #
####....#...##.###..## #
........+...+...@z..# #
####....#...######..######
# ........#...# #..#....#
# ........##### #.......#
# ........# #.......# #
....###.# ##......# #
....# #.# #...#### # #####
#.######### ##..# #
#.##......# #..## #


You could see a wight.

Vanquished Creatures
  2 wights (D:2)
  2 oozes (D:1)
  A worm (D:2)
  2 dart slugs (D:1)
  4 leopard geckos
  A ball python (D:1)
  5 goblins
  5 hobgoblins
  4 jackals (D:2)
  2 bats (D:1)
  7 frilled lizards
  7 kobolds
  2 rats (D:2)
44 creatures vanquished.

Notes
Turn   | Place    | Note
-------+----------+-------------------------------------------
     0 | D:1      | selver the Octopode Venom Mage began the quest for the Orb.
     0 | D:1      | Reached XP level 1. HP: 11/11 MP: 3/3
   250 | D:1      | Reached skill level 4 in Poison Magic
   304 | D:1      | Reached XP level 2. HP: 17/17 MP: 3/5
   774 | D:1      | Reached XP level 3. HP: 21/21 MP: 2/6
   839 | D:1      | Learned a level 2 spell: Poisonous Vapours
  1911 | D:2      | Reached XP level 4. HP: 23/27 MP: 7/7
  2406 | D:3      | Noticed Sigmund
  2414 | D:2      | Reached skill level 1 in Air Magic
  2414 | D:2      | Reached skill level 5 in Poison Magic
  2662 | D:2      | Reached XP level 5. HP: 17/31 MP: 9/9
  2663 | D:2      | HP: 1/31 [wight/cursed +0 flail (16)]
  2665 | D:2      | Slain by a wight

Illustrated notes

Levels and vault maps discovered:
D:1:      dpeg_arrival_pits, layout_basic
D:2:      layout_basic
D:3:      layout_rooms, lemuel_round_altar, uniq_crazy_yiuf_cottage,
          uniq_sigmund

Skill      XL: |  1  2  3  4 |
---------------+-------------+-----
Poison Magic   | 4 5 |  5.5
Air Magic      | 1 |  1.4
Transmutations | 2 |  2.0
Dodging        | |  2.0
Stealth        | |  2.6
Spellcasting   | |  2.9

Action                   |  1- 3 |  4- 6 || total
-------------------------+-------+-------++-------
Melee: Unarmed           |     6 |       ||     6
       Constrict         |    16 |     4 ||    20
       Dagger            |    49 |    19 ||    68
       Tentacles         |     5 |     5 ||    10
 Cast: Sting             |    27 |     2 ||    29
       Poisonous Vapours |     4 |       ||     4
  Use: Potion            |     3 |     3 ||     6
       Scroll            |     2 |       ||     2
 Stab: Sleeping          |     5 |     1 ||     6
Armor: Skin              |     7 |     1 ||     8
Dodge: Dodged            |    33 |     7 ||    40

Table legend: (Time is in decaauts)
 A = Elapsed time spent in this place.
 B = Non-inter-level travel time spent in this place.
 C = Inter-level travel time spent in this place.
 D = Time resting spent in this place.
 E = Time spent auto-exploring this place.
 F = Levels seen in this place.
 G = Mean time per level.
                   A        B        C        D        E       F      G
               +--------+--------+--------+--------+--------+-----+--------+
         Total |   2647 |   2618 |     29 |    937 |   1302 |   3 |  882.3 |
       Dungeon |   2647 |   2618 |     29 |    937 |   1302 |   3 |  882.3 |
               +--------+--------+--------+--------+--------+-----+--------+

Top non-repeatable levels by time:
     D:1: 1432 daAuts
     D:2: 1213 daAuts
     D:3: 1 daAuts
